 Dungeon Crawl Stone Soup version 0.23-b1-6-ga921848b48 (webtiles) character file.

Game seed: 1940123701610632506

835 Ihlosi the Skirmisher (level 8, -3/48 HPs)
             Began as a Kobold Fighter on Feb 2, 2019.
             Slain by a two-headed ogre
             ... wielding a +0 giant club
              (9 damage)
             ... on level 5 of the Dungeon.
             The game lasted 00:14:18 (6338 turns).

Ihlosi the Skirmisher (Kobold Fighter)              Turns: 6338, Time: 00:14:19

Health: -3/48      AC:  8    Str: 15    XL:     8   Next: 19%
Magic:  8/8        EV: 13    Int: 10    God:
Gold:   347        SH:  9    Dex: 14    Spells: 7/7 levels left

rFire    . . .     SeeInvis .   a - +0 flail (holy)
rCold    . . .     Gourm    .   n - +3 buckler
rNeg     + . .     Faith    .   b - +0 scale mail
rPois    .         Spirit   .   (no helmet)
rElec    .         Reflect  .   j - +0 cloak
rCorr    .         Harm     .   (no gloves)
MR       .....                  (no boots)
Stlth    ..........             (no amulet)
HPRegen  0.16/turn              r - ring of positive energy
MPRegen  0.11/turn              (no ring)

@: no status effects
A: small, carnivore
a: no special abilities


You were on level 5 of the Dungeon.
You were very full.

You visited 2 branches of the dungeon, and saw 6 of its levels.

You collected 347 gold pieces.

Inventory:

Hand Weapons
 a - a +0 flail of holy wrath (weapon)
 c - a +0 blowgun
Missiles
 k - 12 poisoned needles
 l - 22 bolts
Armour
 b - a +0 scale mail (worn)
 d - a +2 robe of cold resistance
 j - a +0 cloak (worn)
 n - a +3 buckler (worn)
 p - a cursed +0 robe
Magical Staves
 g - an uncursed staff of death {unknown}
Jewellery
 r - a ring of positive energy (left hand)
Wands
 o - a wand of flame (22)
Scrolls
 e - a scroll of blinking {unknown}
 m - 2 scrolls of identify
Potions
 q - a potion of mutation
Comestibles
 f - 12 rations


   Skills:
 * Level 4.7 Fighting
 * Level 4.7 Maces & Flails
 * Level 4.2 Armour
 * Level 3.3 Dodging
 * Level 3.9 Shields


You had 7 spell levels left.
You didn't know any spells.
Your spell library was empty.

Dungeon Overview and Level Annotations

Branches:
Dungeon (5/15)             Temple (1/1) D:5

Altars:
Ashenzari
Elyvilon
Fedhas
Gozag
Hepliaklqana
Kikubaaqudgha
Nemelex Xobeh
Okawaru
Ru
Trog
Uskayaw
Vehumet
Xom
Zin

Annotations:
D:3 !, Sigmund


Innate Abilities, Weirdness & Mutations

You are small and have problems with some larger weapons.
You are carnivorous and can eat meat at any time.


Message History

a - a +0 flail of holy wrath (weapon)
You hit the two-headed ogre.
The two-headed ogre is lightly wounded.
The two-headed ogre completely misses you.
The two-headed ogre barely misses you.
You thump the two-headed ogre!
The two-headed ogre is moderately wounded.
The two-headed ogre hits you with a +0 giant club.
The two-headed ogre hits you with a +0 giant club!
You barely miss the two-headed ogre.
The two-headed ogre is moderately wounded.
The two-headed ogre barely misses you.
The two-headed ogre hits you with a +0 giant club!!
Ouch! That really hurt!
* * * LOW HITPOINT WARNING * * *
You barely miss the two-headed ogre.
The two-headed ogre is moderately wounded.
You block the two-headed ogre's attack.
The two-headed ogre hits you with a +0 giant club!
You die...

#.# ##.# #.#...##...# #. #.# #o.#
#.##.# ##### #< #.# #O## #.##.###
#. #.# #.# #.(....# #.
###.###o#####......# #.
...†...............# #.
###.............[..# #.
#####.######.....# #. #.# ###@###
## #.# #O# #.# #(# #.# #(# ### .#
#(# ######### ..#
#.########.#######.......##
..#####.....<.........##......)..
.............#..(.....O[.####...#
..#####.####+########.##)##......


You could see a two-headed ogre.

Vanquished Creatures
  Duvessa (D:5)
  2 ogres
  Dowan (D:5)
  A centaur zombie (D:5)
  A jelly (D:5)
  3 orc wizards
  A bullfrog skeleton (D:5)
  Jessica (D:2)
  2 worker ants (D:4)
  17 adders
  A shadow imp (D:4)
  An ooze (D:1)
  4 worms (D:2)
  10 orcs
  2 ball pythons
  7 bats
  9 giant cockroaches
  8 hobgoblins
  8 kobolds
  5 frilled lizards
  3 goblins (D:2)
  2 leopard gecko skeletons (D:4)
  A quokka skeleton (D:4)
  7 rats
98 creatures vanquished.

Notes
Turn   | Place    | Note
-------+----------+-------------------------------------------
     0 | D:1      | Ihlosi the Kobold Fighter began the quest for the Orb.
     0 | D:1      | Reached XP level 1. HP: 14/14 MP: 1/1
   200 | D:1      | Reached XP level 2. HP: 16/19 MP: 2/2
   530 | D:1      | Reached XP level 3. HP: 22/23 MP: 3/3
   884 | D:1      | Reached skill level 1 in Dodging
  1052 | D:2      | Reached XP level 4. HP: 25/29 MP: 4/4
  1848 | D:2      | Reached XP level 5. HP: 27/33 MP: 5/5
  2401 | D:3      | You fall through a shaft!
  2401 | D:4      | Noticed an ogre
  3092 | D:3      | Noticed Jessica
  3096 | D:3      | Noticed Sigmund
  3109 | D:2      | Killed Jessica
  3109 | D:2      | Reached XP level 6. HP: 31/38 MP: 6/6
  3198 | D:3      | Found an iron altar of Okawaru.
  3409 | D:3      | Found a radiant altar of Vehumet.
  3446 | D:4      | Found a sacrificial altar of Ru.
  3585 | D:4      | Killed an ogre
  3753 | D:4      | Reached XP level 7. HP: 24/43 MP: 7/7
  5120 | D:5      | Entered Level 5 of the Dungeon
  5193 | D:5      | Found a staircase to the Ecumenical Temple.
  5199 | Temple   | Entered the Ecumenical Temple
  5298 | D:5      | Found a bloodstained altar of Trog.
  5299 | D:5      | Noticed Dowan
  5300 | D:5      | Noticed Duvessa
  5333 | D:5      | Killed Duvessa
  5345 | D:5      | Killed Dowan
  5671 | D:5      | Noticed a two-headed ogre
  5759 | D:5      | Reached XP level 8. HP: 48/48 MP: 8/8
  5802 | D:5      | Found a sacrificial altar of Ru.
  6338 | D:5      | Slain by a two-headed ogre

Skill      XL: |  1  2  3  4  5  6  7 |
---------------+----------------------+-----
Maces & Flails | 2 3 4 |  4.7
Dodging        | 1 2 3 |  3.3
Shields        | 3 |  3.9
Armour         | 3 4 |  4.2
Fighting       | 4 |  4.7

Action                   |  1- 3 |  4- 6 |  7- 9 || total
-------------------------+-------+-------+-------++-------
Melee: Flail             |   103 |   240 |    83 ||   426
       Morningstar       |       |       |    32 ||    32
 Fire: Blowgun           |       |    15 |    16 ||    31
Evoke: Wand              |       |       |     1 ||     1
  Use: Potion            |       |     3 |     7 ||    10
       Scroll            |       |     4 |     5 ||     9
 Stab: Invisible         |       |       |     2 ||     2
  Eat: Chunk             |     9 |     9 |     7 ||    25
Armor: Scale mail        |    49 |    95 |    31 ||   175
Dodge: Dodged            |    51 |   158 |    74 ||   283
Block: Shield            |    61 |    48 |       ||   109
       Buckler           |       |    81 |    47 ||   128
